 Dungeon Crawl Stone Soup version 0.27-a0-1431-gcffa5a9b16 (webtiles) character file.

Game seed: 14735244664798300786

866 Wyvernaa the Shield-Bearer (level 7, -1/55 HPs)
             Began as a Demonspawn Fighter on July 2, 2021.
             Slain by a yak (11 damage)
             ... on level 5 of the Dungeon.
             The game lasted 00:11:28 (6647 turns).

Wyvernaa the Shield-Bearer (Demonspawn Fighter)     Turns: 6647, Time: 00:11:29

Health: -1/55      AC: 12    Str: 16    XL:     7   Next: 72%
Magic:  7/7        EV:  8    Int: 12    God:
Gold:   196        SH:  9    Dex: 14    Spells: 6/6 levels left

rFire    . . .     SeeInvis +     - Unarmed
rCold    . . .     Faith    .   c - +0 kite shield
rNeg     . . .     Spirit   .   b - +0 scale mail
rPois    .         Reflect  .   (no helmet)
rElec    .         Harm     .   n - +0 cloak
rCorr    .         Rampage  .   i - +0 pair of gloves
Will     .....                  l - +2 pair of boots
Stlth    ..........             (no amulet)
HPRegen  0.18/turn              o - ring of see invisible
MPRegen  0.10/turn              (no ring)

@: very slightly contaminated, invisible
A: claws 1, spiny 1, big brain 1
a: no special abilities


You were on level 5 of the Dungeon.
You visited 1 branch of the dungeon, and saw 5 of its levels.

You collected 196 gold pieces.

Inventory:

Hand Weapons
 a - a +0 trident
Armour
 b - a +0 scale mail (worn)
 c - a +0 kite shield (worn)
 i - a +0 pair of gloves (worn)
 l - a +2 pair of boots (worn)
 n - a +0 cloak (worn)
Jewellery
 o - a ring of see invisible (left hand)
 q - a ring of wizardry
Wands
 p - a wand of acid (6)
Scrolls
 f - 2 scrolls of immolation
Potions
 g - a potion of invisibility
 j - a potion of magic {unknown}
 k - 2 potions of brilliance {unknown}
 m - 2 potions of heal wounds {unknown}


   Skills:
 + Level 4.5 Fighting
 - Level 2.8 Polearms
 + Level 4.6 Armour
 + Level 2.2 Dodging
 + Level 1.2 Stealth
 + Level 4.8 Shields
 * Level 2.6 Unarmed Combat


You had 6 spell levels left.
You didn't know any spells.
Your spell library contained the following spells:

 Spells                   Type           Power      Damage    Failure   Level
 Sandblast                Erth           0%         2d4       99%         1
 Shock                    Conj/Air       0%         1d3       99%         1
 Blink                    Tloc           N/A        N/A       99%         2
 Passwall                 Tmut/Erth      0%         N/A       99%         2
 Lesser Beckoning         Tloc           0%         N/A       100%        3
 Swiftness                Air            0%         N/A       100%        3
 Airstrike                Air            0%         N/A       100%        4
 Passage of Golubria      Tloc           N/A        N/A       100%        4
 Fireball                 Conj/Fire      0%         3d3       100%        5
 Lee's Rapid Deconstruct  Erth           0%         3d5*      100%        5
 Manifold Assault         Tloc           0%         N/A       100%        5
 Silence                  Hex/Air        0%         N/A       100%        5
 Starburst                Conj/Fire      0%         8x6d3     100%        6
 Ignition                 Fire           0%         3d3       100%        8
 Lehudib's Crystal Spear  Conj/Erth      0%         10d2      100%        8


Dungeon Overview and Level Annotations

Branches:
Dungeon (5/15)
 Temple: D:4-7

Altars:
Yredelemnul


Innate Abilities, Weirdness & Mutations

You have sharp fingernails.
You are partially covered in sharp spines.
You have an unusually large brain. (Int +2)


Message History

The yak is almost dead.
The yak gores you.
You closely miss the yak.
The yak is almost dead.
The yak gores you but does no damage.
You closely miss the yak.
The yak is almost dead.
You block the yak's attack.
You hit the yak.
The yak is almost dead.
You block the yak's attack. The yak gores you.
You hit the yak.
The yak is almost dead.
You block the yak's attack.
Your magical contamination has completely faded away.
You hit the yak but do no damage.
The yak is almost dead.
The yak is struck by your spines. The yak gores you.
You fade into invisibility!
The yak gores you.
You are very lightly contaminated with residual magic.
You catch the helpless yak completely off-guard!
You hit the yak but do no damage.
The yak is almost dead.
The yak gores you.
You barely miss the yak.
The yak is almost dead.
The yak gores you!
* * * LOW HITPOINT WARNING * * *
You barely miss the yak.
The yak is almost dead.
The yak gores you!
* * * LOW HITPOINT WARNING * * *
You feel better. The yak gores you but does no damage.
You fade further into invisibility.
You block the yak's attack.
Your shield and scale mail prevent you from hitting the yak.
The yak is almost dead.
The yak gores you!
You die...

#####################
#
....................
. ..................#
. ........# #.....!.#
# #......# #.....##
#.....## ##..@..#
#....# ###.Y.##
##...## ##...#
##...## ##..## ##...#
##..## ##..## ##..##
##..## #...## #...##
##...## ##...##
##...##


You could see a yak.

Vanquished Creatures
  A black bear (D:5)
  An ogre (D:5)
  A phantom (D:4)
  2 scorpions
  A water moccasin skeleton (D:5)
  An orc priest (D:4)
  A gnoll shaman (D:5)
  An iguana (D:4)
  15 gnolls
  6 adders
  An adder skeleton (D:4)
  2 worms (D:2)
  5 dart slugs
  4 orcs (D:4)
  4 ball pythons
  7 endoplasms
  5 giant cockroaches
  25 hobgoblins
  8 jackals
  8 quokkas
  5 bats
  6 frilled lizards
  29 goblins
  9 kobolds
  2 rats (D:1)
150 creatures vanquished.

Notes
Turn   | Place    | Note
-------+----------+-------------------------------------------
     0 | D:1      | Wyvernaa the Demonspawn Fighter began the quest for the
                  | Orb.
     0 | D:1      | Reached XP level 1. HP: 18/18 MP: 1/1
   237 | D:1      | Gained mutation: You have an unusually large brain. (Int
                  | +2) [demonic ancestry]
   237 | D:1      | Reached XP level 2. HP: 24/24 MP: 2/2
   642 | D:1      | Gained mutation: You are partially covered in sharp spines.
                  | [demonic ancestry]
   642 | D:1      | Reached XP level 3. HP: 29/29 MP: 3/3
  1329 | D:2      | Found a basalt altar of Yredelemnul.
  1334 | D:2      | Gained mutation: You have sharp fingernails. [demonic
                  | ancestry]
  1334 | D:2      | Reached XP level 4. HP: 33/35 MP: 4/4
  3247 | D:3      | Reached XP level 5. HP: 26/41 MP: 5/5
  3688 | D:3      | Reached skill level 1 in Unarmed Combat
  3694 | D:3      | Reached skill level 1 in Dodging
  4463 | D:3      | Reached XP level 6. HP: 40/48 MP: 6/6
  5669 | D:5      | Entered Level 5 of the Dungeon
  6013 | D:5      | Reached XP level 7. HP: 27/54 MP: 7/7
  6195 | D:5      | Reached skill level 1 in Stealth
  6609 | D:5      | Noticed a yak
  6644 | D:5      | HP: 1/55 [yak (13)]
  6647 | D:5      | Slain by a yak

Illustrated notes

Levels and vault maps discovered:
D:1:      dpeg_arrival_arbitrary_b, layout_rooms, minivault_11,
          amcnicky_mini_corridor_feature, st_stairs_4
D:2:      layout_basic, basic_altar, kennysheep_pointless_box,
          chequers_serial_rivers_micro_e
D:3:      minmay_goblin_kobold_castle, layout_loops_ring, minivault_19,
          patterned_corridor
D:4:      layout_basic, minmay_misc_feat_iff
D:5:      minmay_thick_lines, layout_gridville, chequers_serial_rivers_micro_d,
          nicolae_shop_self_help

Skill      XL: |  1  2  3  4  5  6  7 |
---------------+----------------------+-----
Polearms       | 2 |  2.8
Shields        | 3 4 |  4.8
Armour         | 3 4 |  4.6
Unarmed Combat | 1 2 |  2.6
Dodging        | 1 2 |  2.2
Fighting       | 4 |  4.5
Stealth        | 1 |  1.2

Action                   |  1- 3 |  4- 6 |  7- 9 || total
-------------------------+-------+-------+-------++-------
Melee: Trident           |   139 |   297 |     6 ||   442
       Unarmed           |       |       |    61 ||    61
Evoke: Wand              |       |     1 |       ||     1
  Use: Scroll            |     4 |     2 |     2 ||     8
       Potion            |       |     1 |     6 ||     7
 Stab: Distracted        |       |     1 |       ||     1
       Invisible         |       |       |     5 ||     5
Armor: Scale mail        |    72 |   140 |    28 ||   240
Dodge: Dodged            |    37 |    92 |    23 ||   152
Block: Kite shield       |    66 |   152 |    26 ||   244

Table legend: (Time is in decaauts)
 A = Elapsed time spent in this place.
 B = Non-inter-level travel time spent in this place.
 C = Inter-level travel time spent in this place.
 D = Time resting spent in this place.
 E = Time spent auto-exploring this place.
 F = Levels seen in this place.
 G = Mean time per level.
                   A        B        C        D        E       F      G
               +--------+--------+--------+--------+--------+-----+--------+
         Total |   6847 |   6760 |     87 |   1810 |   3462 |   5 | 1369.4 |
       Dungeon |   6847 |   6760 |     87 |   1810 |   3462 |   5 | 1369.4 |
               +--------+--------+--------+--------+--------+-----+--------+

Top non-repeatable levels by time:
     D:3: 2467 daAuts
     D:4: 1420 daAuts
     D:2: 1367 daAuts
     D:1: 1083 daAuts
     D:5: 509 daAuts
